 Dungeon Sprint DCSS version 0.32-a0-433-g08bcfe7efd (webtiles) character file.

Game seed: 15253650665763354231

14435 fingers the Ninja (level 11, -1/63 (65) HPs)
             Began as a Spriggan Brigand on Feb 22, 2024.
             Was the Champion of Dithmenos.
             Slain by a shadow wraith (15 damage)
             ... summoned by a mummy priest
             ... in the Dungeon (Sprint V: "Ziggurat Sprint").
             The game lasted 00:04:47 (467 turns).

fingers the Ninja (Spriggan Brigand)                 Turns: 467, Time: 00:04:47

HP:   -1/63 (65)    AC: 20    Str:  7    XL:     11   Next: 88%
MP:   12/12         EV: 12    Int: 12    God:    Dithmenos [******]
Gold: 0             SH:  0    Dex: 34    Spells: 10/10 levels left

rFire   . . .        J - +8 Vampire's Tooth {megavamp}
rCold   . . .        (no shield)
rNeg    . . .        E - +5 shadow dragon scales
rPois   .            (helmet restricted)
rElec   .            c - +0 cloak
rCorr   .            (gloves unavailable)
SInv    +            (boots unavailable)
Will    +....        m - amulet of regeneration Stlth ###*******
                     y - +6 ring of dexterity
HPRegen 1.10/turn    z - +6 ring of dexterity
MPRegen 0.13/turn

%: no teleportation
@: hasted and slowed, wreathed by umbra, lightly drained, very quick
A: very small, no large weapons, unfitting armour, see invisible, speed 3
a: Renounce Religion, Shadow Step, Shadow Form


You were in the Dungeon.
You worshipped Dithmenos.
Dithmenos was exalted by your worship.
You visited 1 branch

Inventory:

Hand Weapons
 a - a +2 dagger
 G - a +5 rapier
 J - the +8 Vampire's Tooth (weapon) {megavamp}
   (You found it in the Dungeon)
Missiles
 d - 9 poisoned darts (quivered)
 e - 3 curare-tipped darts
Armour
 b - a +0 robe
 c - a +0 cloak (worn)
 E - +5 shadow dragon scales (worn)
Jewellery
 m - an amulet of regeneration (around neck)
 x - a ring of flight
 y - a +6 ring of dexterity (left hand)
 z - a +6 ring of dexterity (right hand)
 A - a +6 ring of intelligence
 B - a +6 ring of intelligence
 C - a +6 ring of strength
 D - a +6 ring of strength
 I - a ring of fire
Wands
 u - a wand of mindburst (13)
 v - a wand of iceblast (19)
 w - a wand of light (5)
 H - a wand of polymorph (8)
Scrolls
 k - 4 scrolls of blinking
 q - 4 scrolls of amnesia
 r - 7 scrolls of fog
 s - 5 scrolls of identify
 t - 2 scrolls of fear
Potions
 f - 10 potions of curing
 h - 5 potions of haste
 i - 7 potions of magic
 j - 3 potions of berserk rage
 l - 2 potions of brilliance
 n - 3 potions of resistance
 o - a potion of experience
 p - 3 potions of might


   Skills:
 + Level 11.5 Fighting
 * Level 17.5 Short Blades
 + Level 6.4 Throwing
 - Level 6.3 Armour
 * Level 9.8 Dodging
 O Level 27 Stealth
 - Level 1.2 Unarmed Combat
 + Level 2.5 Evocations


You had 10 spell levels left.
You didn't know any spells.
Your spell library contained the following spells:

 Spells                   Type           Power      Damage    Failure   Level
 Cigotuvi's Dreadful Rot  Necr/Alch/Air  0%         N/A       100%        2
 Ignite Poison            Fire/Alch      0%         N/A       100%        4
 Freezing Cloud           Conj/Ice/Air   0%         6-21      100%        5
 Conjure Ball Lightning   Conj/Air       0%         3x3d6     100%        6
 Discord                  Hex            0%         N/A       100%        8
 Disjunction              Tloc           0%         N/A       100%        8


Dungeon Overview and Level Annotations

Branches:
Dungeon (1/1)

Altars:
Ashenzari
Cheibriados
Dithmenos
Elyvilon
Fedhas
Gozag
Hepliaklqana
Kikubaaqudgha
Makhleb
Nemelex Xobeh
Okawaru
Qazlal
Ru
Sif Muna
Trog
Uskayaw
Vehumet
Wu Jian
Xom
Yredelemnul
Zin
The Shining One
Beogh
Jiyva
Lugonu

Annotations:
D 1 transporter


Innate Abilities, Weirdness & Mutations

You are very small and have problems with some larger weapons.
You are too small for most types of armour.
You have supernaturally acute eyesight. (SInv)
You cover ground extremely quickly. (Speed+++)


Message History

The soul eater draws from the surrounding life force!
You emit a cloud of dark smoke.
The necrophage hits you but does no damage.
The shadow wraith hits you.
You emit a cloud of dark smoke.
The shadow wraith drains your vigour!
You feel yourself slow down.
The jiangshi claws you but does no damage.
The jiangshi claws you!
You emit a cloud of dark smoke.
The jiangshi draws strength from your injuries!
You puncture the guardian mummy! x2
The guardian mummy is moderately damaged.
Your shadow hits the guardian mummy but does no damage. x2
The laughing skull lets out a vicious peal of laugher.
The bolt of negative energy hits the guardian mummy.
The guardian mummy completely resists.
The bolt of negative energy hits you!
You feel drained.
* * * LOW HITPOINT WARNING * * *
The bolt of negative energy hits the shadow wraith.
The shadow wraith completely resists.
You feel much better. The jiangshi claws you!
The jiangshi draws strength from your injuries!
The jiangshi closely misses you. The jiangshi claws you.
The jiangshi draws strength from your injuries!
The jiangshi claws you but does no damage. x2
The jiangshi claws you!
* * * LOW HITPOINT WARNING * * *
The jiangshi draws strength from your injuries!
The jiangshi completely misses you. The jiangshi barely misses you.
The necrophage barely misses you. The shadow wraith barely misses you.
The mummy barely misses you. The guardian mummy misses you.
You feel much better. The jiangshi claws you.
The jiangshi draws strength from your injuries!
The jiangshi claws you!
You emit a cloud of dark smoke.
The jiangshi draws strength from your injuries!
The jiangshi claws you but does no damage.
The jiangshi completely misses you.
The mummy priest calls down the wrath of its god upon you.
Something smites you!
* * * LOW HITPOINT WARNING * * *
The shadow wraith hits you!
You die...

▓.▓.....▓.▓.......▓
▓....©....▓...©...▓
▓▓▓▓▓▓▓▓▓▓▓▓▓▓▓▓▓▓▓▓▓
▓..§ß©ß...▓...ß©ß...▓
▓..|)!")..▓..)))))..▓
▓..§))//..▓...))))..▓
▓..§§3M§§.▓.........▓
▓..§VMVM§.▓.........▓
▓..zM@W§..▓.........▓
▓...n§§§§.▓.........▓
▓.....§...▓.▓.....▓.▓
▓.........▓....©....▓
▓....©....▓▓▓▓▓▓▓▓▓▓▓
▓▓▓▓▓▓▓▓▓▓▓


You could see a mummy priest, 2 jiangshi, a soul eater (summoned), a shadow
wraith (summoned, invisible), a guardian mummy, a laughing skull (summoned), a
necrophage (summoned) and 2 mummies.

Vanquished Creatures
  A tentacled starspawn (D)
  A vault warden (D)
  2 red draconians (D)
  A mummy priest (D)
  A yaktaur captain (D)
  A great orb of eyes (D)
  A vault guard (D)
  An ironbound frostheart (D)
  A death scarab (D)
  A thrashing horror (D)
  A spriggan (D)
  An arcanist (D)
  7 draconians (D)
  A rime drake (D)
  3 guardian mummies (D)
  A merfolk (D)
  A hornet (D)
  A wind drake (D)
  An ushabti (D)
  2 fire elementals (D)
  A steam dragon (D)
  2 hell hounds (D)
  5 black bears (D)
  A wolf (D)
  4 centaurs (D)
  A phantom (D)
  A crimson imp (D)
  A quasit (D)
  2 orc priests (D)
  2 mummies (D)
  An adder skeleton (D)
  An orc (D)
  2 bat zombies (D)
  A ball python skeleton (D)
  3 quokka skeletons (D)
58 creatures vanquished.

Vanquished Creatures (collateral kills)
  2 mummies (D)
2 creatures vanquished.

Vanquished Creatures (others)
  A fire vortex (D)
1 creature vanquished.

Grand Total: 61 creatures vanquished

Notes
Turn   | Place    | Note
-------+----------+-------------------------------------------
     0 | D        | fingers the Spriggan Brigand began the quest for the Orb.
     0 | D        | Reached XP level 1. HP: 10/10 MP: 2/2
     0 | D        | Found a shimmering blue altar of Sif Muna.
     0 | D        | Found a bloodstained altar of Trog.
     0 | D        | Found a sacrificial altar of Ru.
     0 | D        | Found a stormy altar of Qazlal.
     0 | D        | Found an iron altar of Okawaru.
     1 | D        | Found a sparkling altar of Nemelex Xobeh.
     1 | D        | Found a blossoming altar of Fedhas.
     1 | D        | Found the +6 Majin-Bo {spellvamp, MP+6 Int+6}
     1 | D        | Found the +27 heavy crossbow "Sniper" {heavy, Acc+∞ SInv}
     1 | D        | Found the +10 dark maul {heavy}
     1 | D        | Found the +15 Maxwell's patent armour {-Cast -Tele rElec
                  | Will+ rCorr}
     1 | D        | Found the +18 shield of the Gong {Loud rN+ Will+ rCorr
                  | EV-5}
     1 | D        | Found the +16 obsidian axe {drain, demonic, Mesm ^Drain Fly
                  | SInv}
     1 | D        | Found the +7 great mace "Firestarter" {flame, immolate,
                  | rFlCloud rF++}
     1 | D        | Found the +6 shillelagh "Devastator" {shatter}
     1 | D        | Found the +11 plutonium sword {^Contam Stlth-}
     1 | D        | Found the +8 lance "Wyrmbane" {slay drac, rPois rF+ rC+
                  | AC+3}
     1 | D        | Found the +9 sword of Zonguldrok {reap}
     1 | D        | Found the +13 scythe of Curses {drain, curses, ^Drain}
     1 | D        | Found the +9 sword of Power {lifebolt}
     1 | D        | Found the +7 mace of Variability {chaos, chaos arc}
     1 | D        | Found the +11 Singing Sword {sonic wave}
     1 | D        | Found the +8 storm bow {elec, penet}
     3 | D        | Found a transporter.
     3 | D        | Found an ancient bone altar of Kikubaaqudgha.
     3 | D        | Found a viscous altar of Jiyva.
     3 | D        | Found a corrupted altar of Lugonu.
     3 | D        | Found a hazy altar of Hepliaklqana.
     3 | D        | Found a burning altar of Makhleb.
     3 | D        | Found an opulent altar of Gozag.
    61 | D        | Became a worshipper of Dithmenos the Shadowed
    74 | D        | Entered arena 2.
    74 | D        | Noticed a rime drake
    74 | D        | Noticed a steam dragon
    74 | D        | Found a transporter.
    77 | D        | Killed a rime drake
    78 | D        | Reached skill level 5 in Short Blades
    78 | D        | Reached skill level 16 in Stealth
    78 | D        | Reached XP level 2. HP: 16/16 MP: 3/3
    78 | D        | Reached XP level 3. HP: 20/20 MP: 4/4
    78 | D        | Reached XP level 4. HP: 24/24 MP: 5/5
    78 | D        | Reached XP level 5. HP: 28/28 MP: 6/6
    78 | D        | Killed a steam dragon
    79 | D        | Reached skill level 18 in Stealth
    79 | D        | Reached XP level 6. HP: 33/33 MP: 7/7
    88 | D        | Entered arena 3.
    88 | D        | Found a transporter.
    94 | D        | Reached * piety under Dithmenos
   105 | D        | Entered arena 4.
   105 | D        | Noticed a tentacled starspawn
   105 | D        | Noticed a thrashing horror
   105 | D        | Found a transporter.
   109 | D        | Killed a thrashing horror
   109 | D        | Reached ** piety under Dithmenos
   110 | D        | Reached skill level 5 in Throwing
   110 | D        | Reached skill level 21 in Stealth
   110 | D        | Reached XP level 7. HP: 38/38 MP: 8/8
   110 | D        | Reached XP level 8. HP: 42/42 MP: 9/9
   111 | D        | Killed a tentacled starspawn
   112 | D        | Reached skill level 5 in Fighting
   112 | D        | Reached skill level 24 in Stealth
   112 | D        | Reached XP level 9. HP: 47/47 MP: 10/10
   118 | D        | Reached skill level 25 in Stealth
   123 | D        | Entered arena 5.
   123 | D        | Found a transporter.
   127 | D        | Reached *** piety under Dithmenos
   134 | D        | Entered arena 6.
   134 | D        | Found a transporter.
   139 | D        | Reached **** piety under Dithmenos
   163 | D        | Reached skill level 1 in Armour
   163 | D        | Reached skill level 26 in Stealth
   248 | D        | Entered arena 7.
   248 | D        | Noticed a vault guard
   248 | D        | Noticed a yaktaur captain
   248 | D        | Noticed a great orb of eyes
   248 | D        | Noticed an ironbound frostheart
   248 | D        | Noticed a vault warden
   248 | D        | Noticed an arcanist
   249 | D        | Found a transporter.
   255 | D        | Killed a vault warden
   255 | D        | Reached ***** piety under Dithmenos
   256 | D        | Reached skill level 10 in Short Blades
   256 | D        | Reached skill level 27 in Stealth
   256 | D        | Killed an arcanist
   257 | D        | Reached XP level 10. HP: 55/55 MP: 11/11
   257 | D        | Killed an ironbound frostheart
   261 | D        | Killed a yaktaur captain
   263 | D        | Killed a vault guard
   264 | D        | Killed a great orb of eyes
   266 | D        | Entered arena 8.
   267 | D        | Found a transporter.
   285 | D        | Reached ****** piety under Dithmenos
   305 | D        | Acquired an amulet of regeneration
   313 | D        | Entered arena 9.
   313 | D        | Noticed a spriggan rider
   314 | D        | Found a transporter.
   319 | D        | Killed a spriggan rider
   320 | D        | Reached skill level 5 in Armour
   320 | D        | Reached skill level 1 in Unarmed Combat
   320 | D        | Reached XP level 11. HP: 62/62 MP: 12/12
   322 | D        | Reached skill level 5 in Dodging
   348 | D        | Entered arena 10.
   348 | D        | Found the +8 Vampire's Tooth {megavamp}
   348 | D        | Noticed a mummy priest
   348 | D        | Noticed a death scarab
   349 | D        | Found a transporter.
   356 | D        | Killed a death scarab
   357 | D        | Reached skill level 10 in Fighting
   357 | D        | Reached skill level 15 in Short Blades
   359 | D        | Noticed a phantasmal warrior
   364 | D        | Killed a mummy priest
   365 | D        | Reached skill level 1 in Evocations
   416 | D        | Entered arena 11.
   416 | D        | Found the +8 autumn katana {manifold assault}
   416 | D        | Noticed a red draconian
   416 | D        | Noticed a red draconian
   417 | D        | Found a transporter.
   425 | D        | Killed a red draconian
   427 | D        | Killed a red draconian
   440 | D        | Entered arena 12.
   441 | D        | Noticed a mummy priest
   442 | D        | Found a transporter.
   456 | D        | Noticed a jiangshi
   456 | D        | Noticed a jiangshi
   458 | D        | Noticed a shadow wraith
   461 | D        | Noticed a soul eater
   467 | D        | Slain by a shadow wraith

Illustrated notes

Levels and vault maps discovered:
D:        sprint_v [room_start, room_1, room_2, room_3, room_4, room_5, room_6,
          room_7, room_8, room_9, room_10, room_11, room_12, room_13, room_14,
          room_15, room_16, room_17, room_18, room_19, room_20, room_21,
          room_22, room_23, room_24, room_25, room_26, room_27]

Skill      XL: |  1  2  3  4  5  6  7  8  9 10 11 |
---------------+----------------------------------+-----
Fighting       | 3 4 5 7 9 11 | 11.5
Short Blades   | 5 7 8 11 14 17 | 17.5
Throwing       | 3 4 5 6 |  6.4
Stealth        | 16 18 21 24 27 | 27.0
Dodging        | 2 3 4 9 |  9.8
Armour         | 2 5 6 |  6.3
Unarmed Combat | 1 |  1.2
Evocations     | 2 |  2.5

Action                     |  1- 3 |  4- 6 |  7- 9 | 10-12 || total
---------------------------+-------+-------+-------+-------++-------
  Melee: Quick blade       |     1 |     9 |     1 |    32 ||    43
         Rapier            |       |       |    26 |    52 ||    78
         Unarmed           |       |       |     1 |       ||     1
  Evoke: Wand              |       |       |       |     9 ||     9
    Use: Potion            |       |     2 |     6 |     8 ||    16
         Scroll            |       |       |       |     1 ||     1
   Stab: Sleeping          |     1 |     2 |     8 |    15 ||    26
         Invisible         |       |     3 |     2 |     6 ||    11
         Distracted        |       |       |       |     1 ||     1
 Armour: Shadow dragon sca |       |     6 |    68 |   107 ||   181
  Dodge: Dodged            |       |     2 |    25 |    57 ||    84

Table legend: (Time is in decaauts)
 A = Elapsed time spent in this place.
 B = Non-inter-level travel time spent in this place.
 C = Inter-level travel time spent in this place.
 D = Time resting spent in this place.
 E = Time spent auto-exploring this place.
 F = Levels seen in this place.
 G = Mean time per level.
                   A        B        C        D        E       F      G
               +--------+--------+--------+--------+--------+-----+--------+
         Total |    347 |    343 |      4 |      0 |     93 |   1 |  347.0 |
       Dungeon |    347 |    343 |      4 |      0 |     93 |   1 |  347.0 |
               +--------+--------+--------+--------+--------+-----+--------+

Top non-repeatable levels by time:
       D: 347 daAuts
